Map: Backwater LE

Players

axu - Winner!

  • Race: Protoss Protoss
  • League: Platinum
  • Spawn Location: 5:00

VOD

Have the link to the VOD?

Description

Time

  • Played on: May 12, 2018, 5:44 p.m.
  • Length: 21:10
Show
View Real Time Build Order
Export as new Build Order

axu Protoss - Winner!

Build Orders:  

Get SALT Encoding   

  12  0:03  Probe (Chrono Boost)  
  14  0:20  Probe (Chrono Boost)  
  14  0:33  Pylon  
  14  0:38  Probe (Chrono Boost)  
  16  1:00  Probe (Chrono Boost), Gateway  
  16  1:14  Probe (Chrono Boost)  
  16  1:16  Assimilator  
  17  1:26  Probe (Chrono Boost)  
  18  1:56  Probe (Chrono Boost)  
  19  2:12  Probe (Chrono Boost)  
  20  2:21  Nexus  
  20  2:26  Cybernetics Core  
  20  2:38  Assimilator  
  20  2:39  Probe (Chrono Boost)  
  21  2:56  Probe (Chrono Boost)  
  22  3:17  Probe (Chrono Boost)  
  23  3:20  Pylon  
  23  3:48  Probe (Chrono Boost)  
  26  4:06  Probe (Chrono Boost)  
  26  4:07  Probe (Chrono Boost)  
  28  4:15  Twilight Council  
  28  4:18  Probe (Chrono Boost)  
  28  4:19  Probe (Chrono Boost)  
  28  4:23  Unknown  
  28  4:29  Probe (Chrono Boost)  
  30  4:31  Probe (Chrono Boost)  
  30  4:33  Stalker  
  30  4:37  Unknown  
  34  4:55  Unknown  
  36  5:01  Probe x2 (Chrono Boost)  
  36  5:10  Warp Gate  
  36  5:18  Probe x2 (Chrono Boost)  
  38  5:30  Stalker  
  38  5:38  Gateway  
  40  5:41  Gateway  
  40  5:42  Gateway  
  40  5:45  Pylon  
  42  5:51  Probe x2 (Chrono Boost)  
  42  6:08  Probe x2 (Chrono Boost)  
  44  6:10  Robotics Facility  
  44  6:16  Stalker  
  48  6:41  Probe x2 (Chrono Boost)  
  48  6:44  Assimilator  
  48  6:50  Assimilator  
  48  6:55  Nexus  
  48  6:59  Pylon  
  48  7:03  Pylon  
  48  7:09  Stalker x2  
  52  7:13  Stalker  
  52  7:14  Immortal  
  54  7:27  Stalker  
  60  7:32  Blink  
  60  7:45  Probe x2 (Chrono Boost)  
  62  7:56  Stalker x2  
  62  7:57  Stalker  
  68  8:02  Probe x2 (Chrono Boost)  
  70  8:18  Forge  
  70  8:19  Forge  
  70  8:27  Probe x2 (Chrono Boost)  
  62  8:44  Probe x2 (Chrono Boost)  
  60  8:53  Protoss Ground Weapons Level 1, Protoss Ground Armor Level 1  
  60  8:58  Stalker x4  
  60  8:59  Immortal  
  69  9:01  Probe (Chrono Boost)  
  73  9:17  Templar Archives  
  73  9:29  Probe x3 (Chrono Boost)  
  76  9:32  Assimilator  
  76  9:37  Assimilator  
  76  9:41  Immortal  
  76  9:46  Probe x3 (Chrono Boost)  
  79  9:59  Pylon  
  83  10:02  Probe (Chrono Boost)  
  83  10:03  Probe (Chrono Boost)  
  83  10:05  Pylon  
  83  10:09  Gateway, Pylon  
  85  10:12  Gateway x2  
  85  10:13  Gateway  
  85  10:27  Probe x3 (Chrono Boost)  
  88  10:30  Pylon  
  88  10:34  Pylon  
  88  10:41  Pylon  
  88  10:44  Probe x3 (Chrono Boost)  
  91  10:52  Stalker  
  91  10:53  Stalker x2  
  91  10:56  Stalker  
  102  11:00  Probe (Chrono Boost)  
  102  11:01  Probe x2 (Chrono Boost)  
  102  11:18  Psionic Storm  
  102  11:29  Probe x3 (Chrono Boost)  
  105  11:46  Probe x3 (Chrono Boost)  
  108  11:52  Nexus  
  108  11:55  Pylon  
  108  11:59  Stalker x3, Pylon  
  114  12:00  Stalker x2  
  114  12:01  Observer  
  114  12:02  High Templar x2  
  114  12:04  High Templar  
  124  12:10  Charge  
  125  12:22  Immortal  
  125  12:37  Probe x3 (Chrono Boost)  
  125  12:39  High Templar x2  
  136  12:40  High Templar x2  
  136  12:47  High Templar  
  142  12:52  Archon  
  142  12:53  Archon  
  142  13:02  Zealot  
  142  13:03  Zealot x2  
  148  13:17  Protoss Ground Weapons Level 2  
  148  13:18  Protoss Ground Armor Level 2  
  148  13:20  Pylon  
  148  13:22  Pylon  
  148  13:25  Pylon  
  148  13:28  Pylon  
  148  13:32  Immortal  
  148  13:35  Pylon  
  148  13:38  Pylon  
  152  13:59  Assimilator  
  152  14:04  Assimilator  
  152  14:08  Shield Battery  
  152  14:10  Shield Battery  
  152  14:13  Shield Battery  
  152  14:16  Zealot x2  
  152  14:17  Zealot x4  
  152  14:18  Shield Battery, Photon Cannon, Zealot  
  166  14:22  Photon Cannon  
  166  14:26  Photon Cannon  
  166  14:27  Warp Prism  
  166  14:29  Photon Cannon  
  168  14:49  High Templar x2  
  172  14:50  High Templar x4  
  172  14:52  Zealot  
  172  14:53  Zealot  
  172  14:55  Archon x2  
  172  14:56  Archon  
  166  15:26  Stargate  
  166  15:27  Stargate  
  118  15:48  High Templar  
  118  15:49  High Templar  
  116  15:51  Zealot x4  
  116  15:52  Zealot x2  
  128  16:10  Unknown  
  128  16:16  Immortal  
  132  16:26  Gateway  
  132  16:28  Gateway  
  132  16:30  Gateway  
  132  16:40  Gateway  
  132  16:43  Gateway  
  132  16:56  High Templar x2  
  132  16:57  High Templar x3  
  142  17:00  Zealot x3  
  148  17:16  Pylon  
  146  17:33  Zealot x3  
  150  17:44  Zealot x2  
  150  17:45  Zealot x2  
  150  17:46  Zealot  
  156  18:13  Photon Cannon  
  156  18:17  Photon Cannon  
  150  18:21  Photon Cannon  
  150  18:27  Photon Cannon  
  147  18:40  High Templar x3  
  147  18:41  High Templar x4  
  147  18:42  High Templar  
  147  18:43  High Templar x2  
  147  18:46  Zealot  
  147  18:47  Zealot x2  
  147  18:48  Archon  
  147  18:49  Archon x3  
  172  18:50  Archon  
  168  19:16  Archon  
  168  19:17  Archon  
  163  19:20  Zealot  
  163  19:21  Archon, Zealot x2  
  163  19:24  Observer  
  163  19:29  Zealot x2  
  170  19:30  Zealot x5  
  170  19:31  Zealot x3  
Tags
 
Add a new tag
Caveats
  • Supply blocks, unpowered buildings, or Contaminate may cause inaccurate times.
  • Supply counts are checked every 10 seconds.